 Dungeon Crawl Stone Soup version 0.27-a0-1065-ge809cff (webtiles) character file.

Game seed: 9049165439209471573

401 Nithhogg the Skirmisher (level 6, 0/49 HPs)
             Began as a Demonspawn Fighter on Apr 22, 2021.
             Slain by Duvessa
             ... wielding a +4 short sword of speed
              (7 damage)
             ... on level 4 of the Dungeon.
             The game lasted 00:03:50 (3222 turns).

Nithhogg the Skirmisher (Demonspawn Fighter)        Turns: 3222, Time: 00:03:51

Health: 0/49       AC:  8    Str: 17 (19) XL:     6   Next: 54%
Magic:  9/9        EV:  8    Int:  7 (9)  God:
Gold:   1472       SH:  0    Dex: 10 (12) Spells: 5/5 levels left

rFire    . . .     SeeInvis .   a - +1 war axe
rCold    . . .     Faith    .   c - +0 kite shield
rNeg     . . .     Spirit   .   b - +0 scale mail
rPois    .         Reflect  .   (no helmet)
rElec    .         Harm     .   (no cloak)
rCorr    .         Rampage  .   k - +0 pair of gloves
Will     .....                  (no boots)
Stlth    ..........             (no amulet)
HPRegen  0.16/turn              m - +4 ring of evasion
MPRegen  0.11/turn              (no ring)

@: confused, ambrosia-drunk, flying, constricted
A: talons 1, large bone plates 1
a: no special abilities


You were on level 4 of the Dungeon.
You visited 1 branch of the dungeon, and saw 4 of its levels.

You collected 1472 gold pieces.

Inventory:

Hand Weapons
 a - a +1 war axe (weapon)
Armour
 b - a +0 scale mail (worn)
 c - a +0 kite shield (worn)
 k - a +0 pair of gloves (worn)
Jewellery
 m - a +4 ring of evasion (left hand)
Wands
 o - a wand of digging (7)
Scrolls
 e - a scroll of acquirement
 f - a scroll of magic mapping
 h - 2 scrolls of identify
 j - a scroll of enchant armour
Potions
 d - a potion of might
 g - a potion of flight
 i - a potion of haste {unknown}
 l - 3 potions of cancellation {unknown}
 n - 2 potions of attraction {unknown}
 p - 2 potions of ambrosia


   Skills:
 + Level 4.5 Fighting
 + Level 3.4 Axes
 + Level 4.1 Armour
 - Level 2.6 Shields
 + Level 4.2 Invocations


You had 5 spell levels left.
You didn't know any spells.
Your spell library contained the following spells:

 Spells                   Type           Power      Damage    Failure   Level
 Animate Skeleton         Necr           0%         N/A       100%        1
 Apportation              Tloc           0%         N/A       100%        1
 Corona                   Hex            0%         N/A       100%        1
 Summon Small Mammal      Summ           0%         N/A       100%        1


Dungeon Overview and Level Annotations

Branches:
Dungeon (4/15)
 Temple: D:4-7

Altars:

Annotations:
D:4 Dowan, Duvessa


Innate Abilities, Weirdness & Mutations

You have sharp toenails.
You are partially covered in large bone plates. (SH +4)


Message History

Duvessa says, "When magic and the sword combine, nothing stands against them."
Duvessa hits you but does no damage.
The orc priest invokes the aid of Beogh against you.
Beogh smites you!
Duvessa hits you with a +4 short sword of speed.
The orc priest mumbles some strange prayers to Beogh against you.
Beogh smites you!
* * * LOW HITPOINT WARNING * * *
You block Duvessa's attack.
Dowan gestures wildly while chanting.
Dowan blinks!
You feel much better.
Duvessa hits you with a +4 short sword of speed!
You block Duvessa's attack. Duvessa hits you but does no damage.
Okay, then.
You block Duvessa's attack.
Duvessa hits you with a +4 short sword of speed!
Duvessa hits you with a +4 short sword of speed.
You block Duvessa's attack.
It was a potion of flight.
You feel very buoyant.
You fly up into the air.
You block Duvessa's attack. x2
Duvessa says, "Where magic fails, the sword succeeds!"
Duvessa hits you with a +4 short sword of speed.
* * * LOW HITPOINT WARNING * * *
It was a potion of ambrosia.
You are confused.
You feel invigorated. Duvessa closely misses you.
Duvessa hits you with a +4 short sword of speed!
* * * LOW HITPOINT WARNING * * *
The ball python closely misses you. The ball python grabs you.
The ball python constricts you.
It was a potion of degeneration.
There was something very wrong with that liquid.
You feel weakened.
You feel dopey.
You feel clumsy.
Duvessa hits you with a +4 short sword of speed.
* * * LOW HITPOINT WARNING * * *
Duvessa shouts, "You can run, but you cannot escape us forever!"
Duvessa hits you with a +4 short sword of speed!
You die...

.... .. #####.####..
..... #.#...#..
#.###... ###.. #
#...#.#.#####.......
#
#..............##..#
###
#.#..#########.###..
. ... .....#.. ..#.#
#.# ##
..####.#.##...#.#
#.#.###.# ...
.......#. #...#.#
#.#..##.# ....
...... #.@.#.#
#.#.....# ..... ...#
#e#S#.# #.#..##.#
#..Z####.####...#.#
#.#.###.#
#...).e..o......#.#
#.#.###.#
#...##########....#
#....##.. #..
##.#########.....#
#. #...........####.
# #.####.###### #
#.# #.########


You could see Duvessa (fast) and a ball python.

Vanquished Creatures
  A gnoll sergeant (D:3)
  A howler monkey (D:4)
  A gnoll shaman (D:3)
  Terence (D:3)
  3 orc wizards
  7 gnolls
  4 adders
  A worm (D:3)
  A dart slug (D:3)
  7 orcs
  5 ball pythons
  5 endoplasms
  4 giant cockroaches
  4 goblins
  A hobgoblin (D:1)
  11 jackals
  2 quokkas
  A bat (D:1)
  4 frilled lizards
  2 kobolds
  3 rats
69 creatures vanquished.

Vanquished Creatures (others)
  4 plants (D:3)
4 creatures vanquished.

Grand Total: 73 creatures vanquished

Notes
Turn   | Place    | Note
-------+----------+-------------------------------------------
     0 | D:1      | Nithhogg the Demonspawn Fighter began the quest for the
                  | Orb.
     0 | D:1      | Reached XP level 1. HP: 18/18 MP: 1/1
   215 | D:1      | Reached skill level 1 in Invocations
   268 | D:1      | Gained mutation: You have sharp toenails. [demonic
                  | ancestry]
   268 | D:1      | Reached XP level 2. HP: 24/24 MP: 2/2
   546 | D:1      | Found a faded altar of an unknown god.
  1100 | D:2      | Reached XP level 3. HP: 28/29 MP: 4/4
  1784 | D:3      | Reached XP level 4. HP: 34/36 MP: 5/5
  1906 | D:3      | Noticed Terence
  1917 | D:3      | Killed Terence
  2074 | D:3      | Gained mutation: You are partially covered in large bone
                  | plates. (SH +4) [demonic ancestry]
  2074 | D:3      | Reached XP level 5. HP: 22/42 MP: 7/7
  2467 | D:3      | Identified 2 scrolls of acquirement
  2467 | D:3      | Acquired 1313 gold pieces
  2960 | D:3      | Reached XP level 6. HP: 44/48 MP: 8/8
  3201 | D:4      | Noticed Dowan
  3203 | D:4      | Noticed Duvessa
  3222 | D:4      | Slain by Duvessa

Illustrated notes

Levels and vault maps discovered:
D:1:      kennysheep_arrival_seaside, layout_rooms,
          shapermc_ecumenical_altar_notcrosses
D:2:      layout_loops_ring, corexii_hall_statues_l
D:3:      layout_rooms, serial_bayou_pond_a, uniq_terence
D:4:      layout_loops_cross, minivault_27, minmay_misc_feat_rugged,
          uniq_duvessa

Skill      XL: |  1  2  3  4  5  6 |
---------------+-------------------+-----
Axes           | 2 3 |  3.4
Invocations    | 1 2 3 4 |  4.2
Armour         | 3 4 |  4.1
Fighting       | 4 |  4.5
Shields        | |  2.6

Action                   |  1- 3 |  4- 6 || total
-------------------------+-------+-------++-------
Melee: War axe           |    66 |   117 ||   183
       Kick              |    14 |    26 ||    40
  Use: Scroll            |     3 |     4 ||     7
       Potion            |       |     5 ||     5
Armor: Scale mail        |    41 |    37 ||    78
Dodge: Dodged            |    29 |    69 ||    98
Block: Kite shield       |    34 |   100 ||   134

Table legend: (Time is in decaauts)
 A = Elapsed time spent in this place.
 B = Non-inter-level travel time spent in this place.
 C = Inter-level travel time spent in this place.
 D = Time resting spent in this place.
 E = Time spent auto-exploring this place.
 F = Levels seen in this place.
 G = Mean time per level.
                   A        B        C        D        E       F      G
               +--------+--------+--------+--------+--------+-----+--------+
         Total |   3340 |   3258 |     82 |    126 |   2570 |   4 |  835.0 |
       Dungeon |   3340 |   3258 |     82 |    126 |   2570 |   4 |  835.0 |
               +--------+--------+--------+--------+--------+-----+--------+

Top non-repeatable levels by time:
     D:3: 1168 daAuts
     D:2: 1050 daAuts
     D:1: 749 daAuts
     D:4: 371 daAuts
